 Dungeon Crawl Stone Soup version 0.29-a0-341-g24ffce5b50 (webtiles) character file.

Game seed: 4875951969338089156

59 Hubjo the Ducker (level 3, -2/22 HPs)
             Began as a Deep Elf Monk on Apr 20, 2022.
             Slain by Sigmund
             ... wielding a +0 scythe
              (8 damage)
             ... on level 2 of the Dungeon.
             The game lasted 00:04:22 (2027 turns).

Hubjo the Ducker (Deep Elf Monk)                    Turns: 2027, Time: 00:04:23

Health: -2/22      AC:  2    Str:  8    XL:     3   Next: 78%
Magic:  5/5        EV: 14    Int: 16    God:
Gold:   54         SH:  0    Dex: 17    Spells: 2/2 levels left

rFire   . . .      SeeInvis .   e - +0 dagger (speed)
rCold   . . .      Faith    .   (no shield)
rNeg    . . .      Spirit   .   b - +0 robe
rPois   .          Reflect  .   (no helmet)
rElec   .          Harm     .   (no cloak)
rCorr   .          Rampage  .   (no gloves)
Will    .....                   (no boots)
Stlth   +++.......              (no amulet)
HPRegen 0.07/turn               (no ring)
MPRegen 0.09/turn               (no ring)

@: brilliant, flying
A: no striking features
a: no special abilities


You were on level 2 of the Dungeon.
You visited 1 branch of the dungeon, and saw 2 of its levels.

You collected 54 gold pieces.

Inventory:

Hand Weapons
 a - a +0 short sword
 e - a +0 dagger of speed (weapon)
Missiles
 f - 5 poisoned darts (quivered)
Armour
 b - a +0 robe (worn)
Scrolls
 g - a scroll of immolation {unknown}
 i - a scroll of noise {unknown}
 j - a scroll of blinking
 l - a scroll of amnesia {unknown}
 m - a scroll of identify {unknown}
 p - a scroll of teleportation {unknown}
 r - a scroll of magic mapping {unknown}
Potions
 h - a potion of heal wounds {unknown}
 q - a potion of berserk rage {unknown}


   Skills:
 + Level 2.9 Fighting
 + Level 3.4 Short Blades
 + Level 4.2 Dodging
 + Level 3.4 Stealth


You had 2 spell levels left.
You didn't know any spells.
Your spell library was empty.

Dungeon Overview and Level Annotations

Branches:
Dungeon (2/15)

Altars:

Annotations:
D:2 Sigmund


Message History

Sigmund barely misses you.
You hit Sigmund.
Sigmund is lightly wounded.
You hit Sigmund.
Sigmund is lightly wounded.
Sigmund gestures at you while chanting. The magic dart hits you!
You hit Sigmund.
Sigmund is moderately wounded.
You closely miss Sigmund.
Sigmund is moderately wounded.
Sigmund points at you and mumbles some strange words.
You are confused.
You miss Sigmund.
Sigmund is moderately wounded.
Sigmund completely misses you.
Sigmund points at you and mumbles some strange words.
The magic dart hits you!
* * * LOW HITPOINT WARNING * * *
You are too confused!
It was a potion of curing.
You feel better.
Sigmund smiles chillingly.
Sigmund closely misses you.
You hit Sigmund.
Sigmund is moderately wounded.
Sigmund hits you with a +0 scythe.
* * * LOW HITPOINT WARNING * * *
You hit Sigmund.
Sigmund is heavily wounded.
You closely miss Sigmund.
Sigmund is heavily wounded.
You hit Sigmund.
Sigmund is heavily wounded.
Sigmund misses you.
It was a potion of brilliance.
You feel clever all of a sudden.
It was a potion of flight.
You feel very buoyant.
You fly up into the air.
Sigmund hits you with a +0 scythe!
You die...

#.# #.# ### #.# #....#
#.# #.##.# ####.######
#.##.# #.....§...#
#.##.########§##§####.#
#.#...........#.@§##
#.#..#########§§@§.#
#.#..#### ##...##
........# ##.## ###
.##.###.# #.# #.. .##.#
# #.# #.# .##.# # ##'##
#.# .##.# .# ##...##
#.# .##.# #.# ##.....##
#.### .##.##..#
##.......## #.#.###


You could see Sigmund.

Vanquished Creatures
  2 adders (D:2)
  A worm (D:2)
  A dart slug (D:2)
  An endoplasm (D:1)
  5 giant cockroaches
  3 goblins (D:1)
  3 hobgoblins (D:2)
  2 kobolds (D:1)
  5 ball pythons
  4 bats
  3 frilled lizards (D:1)
  5 rats
35 creatures vanquished.

Notes
Turn   | Place    | Note
-------+----------+-------------------------------------------
     0 | D:1      | Hubjo the Deep Elf Monk began the quest for the Orb.
     0 | D:1      | Reached XP level 1. HP: 13/13 MP: 3/3
   191 | D:1      | Reached XP level 2. HP: 15/18 MP: 4/4
   291 | D:1      | Found a faded altar of an unknown god.
   752 | D:1      | Reached skill level 4 in Dodging
  1324 | D:2      | Reached XP level 3. HP: 9/22 MP: 5/5
  1645 | D:2      | Noticed Sigmund
  2000 | D:2      | HP: 1/22 [something/magic dart (7)]
  2027 | D:2      | Slain by Sigmund

Illustrated notes

Levels and vault maps discovered:
D:1:      dreamdust_arrival_beginning_and_end, layout_loops_cross,
          dilly_ecumenical_altar_fadedgnrine
D:2:      layout_loops_corners, uniq_sigmund

Skill      XL: |  1  2 |
---------------+-------+-----
Stealth        | 3 |  3.4
Dodging        | 4 |  4.2
Fighting       | |  2.9
Short Blades   | |  3.4

Action                   || total
-------------------------++-------
Melee: Dagger            ||   135
       Short sword       ||     6
       Punch             ||     4
  Use: Scroll            ||     2
       Potion            ||     4
 Stab: Sleeping          ||     7
Armor: Robe              ||    13
Dodge: Dodged            ||    63

Table legend: (Time is in decaauts)
 A = Elapsed time spent in this place.
 B = Non-inter-level travel time spent in this place.
 C = Inter-level travel time spent in this place.
 D = Time resting spent in this place.
 E = Time spent auto-exploring this place.
 F = Levels seen in this place.
 G = Mean time per level.
                   A        B        C        D        E       F      G
               +--------+--------+--------+--------+--------+-----+--------+
         Total |   1967 |   1938 |     29 |    175 |   1412 |   2 |  983.5 |
       Dungeon |   1967 |   1938 |     29 |    175 |   1412 |   2 |  983.5 |
               +--------+--------+--------+--------+--------+-----+--------+

Top non-repeatable levels by time:
     D:1: 1006 daAuts
     D:2: 961 daAuts
